 Dungeon Crawl Stone Soup version 0.19-a0-831-gce7da8b (webtiles) character file.

198 4thArraOfDagon the Vexing (level 5, -5/35 HPs)
             Began as a Mummy Enchanter on June 30, 2016.
             Slain by a wight
             ... wielding a +2 falchion
              (10 damage)
             ... on level 5 of the Dungeon.
             The game lasted 00:08:33 (1938 turns).

4thArraOfDagon the Vexing (Mummy Enchanter)         Turns: 1938, Time: 00:08:33

Health: -5/35      AC:  6    Str: 11    XL:     5   Next: 47%
Magic:  1/8        EV: 12    Int: 16    God:
Gold:   104        SH:  0    Dex: 12    Spells: 3 memorised, 2 levels left

rFire  x . .     SeeInvis .     f - -2 long sword (curse)
rCold  + . .     Gourm    .     b - +1 robe
rNeg   + + +     Faith    .     (no shield)
rPois  ∞         Spirit   .     (no helmet)
rElec  .         Dismiss  .     (no cloak)
rCorr  .         Reflect  .     g - +2 pair of gloves
SustAt .         Harm     .     (no boots)
MR     .....                    (no amulet)
Stlth  ++........               (no ring)
                                (no ring)

@: not resistant to hostile enchantments, unstealthy
A: no food or potions, fire vulnerability, cold resistance 1, negative energy
resistance 3, torment resistance, unbreathing
a: no special abilities


You were on level 5 of the Dungeon.
You were not hungry.

You visited 1 branch of the dungeon, and saw 5 of its levels.

You collected 104 gold pieces.

Inventory:

Hand Weapons
 a - a +1 dagger
 d - a cursed -1 short sword
 f - a cursed -2 long sword (weapon)
 i - a +0 falchion
Armour
 b - a +1 robe (worn)
 g - a +2 pair of gloves (worn)
Scrolls
 e - a scroll of recharging
 j - a scroll of amnesia
Books
 c - a book of Maledictions

   Spells                             Type                      Level
   a - Corona                         Hexes                        1
   b - Ensorcelled Hibernation        Hexes/Ice                    2
   c - Confuse                        Hexes                        3
   d - Tukima's Dance                 Hexes                        3
   e - Dazzling Spray                 Conjuration/Hexes            3


   Skills:
 - Level 1.6(2.3) Short Blades
 * Level 2.4(2.7) Long Blades
 - Level 1.5 Dodging
 - Level 2.4 Stealth
 - Level 2.0 Spellcasting
 - Level 3.0 Hexes
 * Level 2.7 Ice Magic


You had 2 spell levels left.
You knew the following spells:

 Your Spells              Type           Power        Failure   Level  Hunger
a - Corona                Hex            ##.....      8%          1    N/A
b - Ensorcelled Hibernat  Hex/Ice        ##....       12%         2    N/A
c - Confuse               Hex            ##......     17%         3    N/A

Dungeon Overview and Level Annotations

Branches:
Dungeon (5/15)
 Temple: D:4-7

Altars:

Annotations:
D:4 exclusion: upstairs


Innate Abilities, Weirdness & Mutations

You do not eat or drink.
Your flesh is vulnerable to fire.
You are immune to poison.
Your flesh is cold resistant. (rC+)
You are immune to negative energy. (rN+++)
You are immune to unholy pain and torment.
You can survive without breathing.


Message History

Confirm with . or Enter, or press ? or * to list all spells.
Aiming: Confuse
Press: ? - help, Shift-Dir - straight line, f - wight
Aim: a wight, wielding an enchanted falchion and wearing a robe (chance to defeat MR: 42%)
The wight resists with some effort.
Unknown command.
The wight hits you with an enchanted falchion.
* * * LOW HITPOINT WARNING * * *
Unknown command.
Unknown command.
You see here a royal jelly.
Casting: Confuse
Confirm with . or Enter, or press ? or * to list all spells.
Aiming: Confuse
Press: ? - help, Shift-Dir - straight line, f/p - wight
Aim: a wight, wielding an enchanted falchion and wearing a robe (chance to defeat MR: 42%)
The wight resists with some effort.
You see here a royal jelly.
The wight hits you with an enchanted falchion!
You die...

# #.# # #.# #
#.#############
#
#.............#
#
#############.##
#
#.......o...#o#
#
#.#########.#.#
#
#.#########.#.#
#>...@z.o.....#
###########.###
..#.# ######.#.#
#....#.#.#
#.#......#.#
#..........#
######.##### ###
#.#


You could see a wight and an orc.

Vanquished Creatures
  2 wights (D:5)
  A howler monkey (D:5)
  A giant frog zombie (D:5)
  An adder (D:3)
  An ooze (D:2)
  An adder skeleton (D:3)
  A dart slug (D:1)
  5 orcs
  2 giant cockroaches (D:2)
  4 goblins
  7 hobgoblins
  A bat (D:2)
  4 giant newts
  2 kobolds
  An orc zombie (D:5)
  2 rats (D:1)
36 creatures vanquished.

Notes
Turn   | Place    | Note
--------------------------------------------------------------
     0 | D:1      | 4thArraOfDagon the Mummy Enchanter began the quest for the Orb.
     0 | D:1      | Reached XP level 1. HP: 13/13 MP: 3/3
    28 | D:1      | Reached skill level 1 in Short Blades
   136 | D:1      | Reached XP level 2. HP: 19/19 MP: 3/5
   140 | D:1      | Learned a level 2 spell: Ensorcelled Hibernation
   507 | D:1      | Reached skill level 3 in Hexes
   512 | D:1      | Reached skill level 1 in Ice Magic
   624 | D:2      | Reached XP level 3. HP: 2/24 MP: 2/6
   952 | D:3      | Learned a level 3 spell: Confuse
  1045 | D:3      | HP: 1/24 [adder (5)]
  1088 | D:4      | Noticed a scorpion
  1457 | D:5      | Entered Level 5 of the Dungeon
  1577 | D:5      | Reached skill level 1 in Long Blades
  1577 | D:5      | Reached XP level 4. HP: 25/30 MP: 4/7
  1876 | D:5      | Reached XP level 5. HP: 19/35 MP: 3/8
  1938 | D:5      | Slain by a wight

Vault maps used:
D:1:      sevenhm_arrival_forest_fort_small_3, serial_forest,
          infiniplex_forest_end_2, infiniplex_forest_diagonal,
          infiniplex_forest_lined_ring, infiniplex_forest_end_2,
          infiniplex_forest_lined_3_way, infiniplex_forest_zigzag_1,
          infiniplex_forest_clump_small, infiniplex_forest_corner_1,
          minmay_pentomino_w4
D:3:      gup_sewer_entry_bubbles, item_on_display_a
D:4:      nicolae_overflow_crystal_walls
D:5:      lemuel_crystal_altar, lemuel_crystal_altar,
          nicolae_ossuary_entry_giza, first_bread, serial_shops, shop

Skill      XL: |  1  2  3  4 |
---------------+-------------+-----
Short Blades   | 1 |  1.6
Hexes          | 3 |  3.0
Ice Magic      | 1 2 |  2.7
Long Blades    | 1 2 |  2.4
Dodging        | |  1.5
Stealth        | |  2.4
Spellcasting   | |  2.0

Action                   |  1- 3 |  4- 6 || total
-------------------------+-------+-------++-------
Melee: Dagger            |    55 |       ||    55
       Long sword        |    78 |    58 ||   136
 Cast: Corona            |    15 |       ||    15
       Ensorcelled Hiber |    11 |       ||    11
       Confuse           |       |     7 ||     7
  Use: Scroll            |     4 |       ||     4
 Stab: Sleeping          |    13 |       ||    13
       Confused          |       |     3 ||     3
Armor: Robe              |    17 |     6 ||    23
Dodge: Dodged            |    66 |    27 ||    93
